 Dungeon Crawl Stone Soup version 0.31-a0-1589-g8f5e8aebd6 (webtiles) character file.

Game seed: 1437007689192419232

9 nightchill the Ruffian (level 2, -2/23 HPs)
             Began as a Draconian Shapeshifter on Jan 5, 2024.
             Was a Follower of Sif Muna.
             Succumbed to a gnoll's poison
             ... on level 1 of the Dungeon.
             The game lasted 00:01:29 (336 turns).

nightchill the Ruffian (Draconian Shapeshifter)      Turns: 336, Time: 00:01:30

Health: -2/23      AC:  4    Str: 16    XL:     2   Next: 3%
Magic:  2/2        EV: 12    Int: 10    God:    Sif Muna [*.....]
Gold:   13         SH:  0    Dex: 10    Spells: 1/1 levels left

rFire   . .          .
                       - Unarmed
rCold   . . .        (no shield)
rNeg    . . .        (body armour unavailable)
rPois   .            (helmet currently unavailable)
rElec   .            (cloak currently unavailable)
rCorr   .            (gloves currently unavailable)
SInv    .            (boots currently unavailable)
Will    .....        (no amulet)
Stlth   +            (no ring)
HPRegen 0.23/turn    (no ring)
MPRegen 0.08/turn

%: no passive effects
@: lethally poisoned (-2 -> -13), beast-form
A: beast (slay +1), AC +4, unfitting armour, cold-blooded
a: Begin Untransformation, Renounce Religion, Channel Magic


You were on level 1 of the Dungeon.
You worshipped Sif Muna.
Sif Muna was aware of your devotion.
You were a hulking beast.
You visited 1 branch of the dungeon, and saw 1 of its levels.

You collected 13 gold pieces.

Inventory:

Talismans
 b - a beast talisman
 c - a flux talisman
Scrolls
 d - a scroll of revelation {unknown}
 e - a scroll of identify {unknown}
Potions
 a - a potion of lignification


   Skills:
 + Level 1.4 Fighting
 - Level 1.7 Dodging
 * Level 3.3 Unarmed Combat
 + Level 3.1 Shapeshifting


You had one spell level left.
You didn't know any spells.
Your spell library was empty.

Dungeon Overview and Level Annotations

Branches:
Dungeon (1/15)

Altars:
Sif Muna


Innate Abilities, Weirdness & Mutations

You are a hulking beast.
Your limbs bulge with bestial killing power. (Slay +1)
Your plain brown scales are hard. (AC +4)
You cannot fit into any form of body armour.
You are cold-blooded and may be slowed by cold attacks.


Message History

A kobold comes into view. It is wielding a +0 dagger.
A gnoll comes into view. It is wielding a +0 spear of venom.
The gnoll shouts!
The kobold shouts!
The bat barely misses you.
The kobold throws a stone.
The stone misses you.
You barely miss the kobold. The bat hits you but does no damage.
A quokka comes into view.
The kobold hits you with a +0 short sword.
The kobold attacks as it pursues you! The kobold hits you with a +0 whip.
The kobold throws a stone.
The stone hits you. The bat attacks as it pursues you!
The bat hits you but does no damage. The bat hits you.
The bat closely misses you.
The kobold throws a stone.
The stone barely misses you. The bat misses you.
The kobold throws a stone.
The stone hits you.
The kobold throws a stone.
The stone barely misses you. The bat hits you but does no damage.
You hit the bat.
You kill the bat!
The gnoll misses you.
The gnoll hits you from afar with a +0 spear of venom.
You are poisoned.
You feel very sick. The gnoll attacks as it pursues you!
The gnoll closely misses you.
You feel sick. The gnoll attacks as it pursues you!
The gnoll hits you from afar with a +0 spear of venom.
* * * LOW HITPOINT WARNING * * *
You are lethally poisoned!
There is a faded altar of an unknown god here.
This altar belongs to (a) Sif Muna, (b) Yredelemnul or (c) Wu Jian, but you can't tell which.
Press the corresponding letter to learn more about a god, or press enter to convert or escape to cancel.
Sif Muna accepts your prayer! Sif Muna welcomes you!
You can now call upon Sif Muna for magical energy.
* * * LOW HITPOINT WARNING * * *
You feel very sick. The gnoll barely misses you.
* * * LOW HITPOINT WARNING * * *
You feel very sick. The gnoll barely misses you.
You hit the gnoll but do no damage.
You die...

##.......#
#r.......#
#..##....########
#..#.....##8#.^8#
....#.....##^#.#.#
###.
#...rg##.....## r.
#..K.K##.#....#
##.##K####....#
#.##gKgh_....#
#.#######....# #.#
#.#....# #.###
#..)..## ##
#...###^#.#^#
.######
###..##8#.^.#
......#######.##
#####
..........###..#
###'##......##.#


You could see a gnoll, a hobgoblin and 2 kobolds.

Vanquished Creatures
  2 endoplasms (D:1)
  A giant cockroach (D:1)
  2 goblins (D:1)
  A hobgoblin (D:1)
  A bat (D:1)
7 creatures vanquished.

Notes
Turn   | Place    | Note
-------+----------+-------------------------------------------
     0 | D:1      | nightchill the Draconian Shapeshifter began the quest for
                  | the Orb.
     0 | D:1      | Reached XP level 1. HP: 16/16 MP: 1/1
   286 | D:1      | Found a faded altar of an unknown god.
   295 | D:1      | Reached XP level 2. HP: 23/23 MP: 2/2
   334 | D:1      | Prayed at the altar of an unknown god.
   334 | D:1      | Became a worshipper of Sif Muna the Loreminder
   334 | D:1      | Reached * piety under Sif Muna
   335 | D:1      | HP: 1/23 [poisoned by a gnoll]
   336 | D:1      | Succumbed to a gnoll's poison

Illustrated notes

Levels and vault maps discovered:
D:1:      dpeg_arrival_water_fire, layout_basic,
          shapermc_ecumenical_altar_mp_highgroup,
          chequers_serial_rivers_micro_d, st_stairs_1

Action                     || total
---------------------------++-------
  Melee: Unarmed           ||    21
         Tailslap          ||     3
 Armour: Skin              ||    19
  Dodge: Dodged            ||    18

Table legend: (Time is in decaauts)
 A = Elapsed time spent in this place.
 B = Non-inter-level travel time spent in this place.
 C = Inter-level travel time spent in this place.
 D = Time resting spent in this place.
 E = Time spent auto-exploring this place.
 F = Levels seen in this place.
 G = Mean time per level.
                   A        B        C        D        E       F      G
               +--------+--------+--------+--------+--------+-----+--------+
         Total |    336 |    336 |      0 |     14 |    236 |   1 |  336.0 |
       Dungeon |    336 |    336 |      0 |     14 |    236 |   1 |  336.0 |
               +--------+--------+--------+--------+--------+-----+--------+

Top non-repeatable levels by time:
     D:1: 336 daAuts
